 Dungeon Sprint DCSS version 0.21-a0-260-g9b2435e (webtiles) character file.

3021 Kidiri the Eclecticist (level 9, 0/54 HPs)
             Began as a Deep Elf Fire Elementalist on Sept 7, 2017.
             Was a Follower of Vehumet.
             Killed from afar by an oklob plant (5 damage)
             ... with a splash of acid
             ... in the Dungeon (Sprint I: "Red Sonja").
             The game lasted 00:03:55 (1057 turns).

Kidiri the Eclecticist (Deep Elf Fire Elementalist) Turns: 1057, Time: 00:03:55

Health: 0/54       AC:  3    Str:  5    XL:     9   Next: 55%
Magic:  22/31      EV: 18    Int: 24    God:    Vehumet [*.....]
Gold:   334        SH:  5    Dex: 18    Spells: 23/41 levels left

rFire    + . .     SeeInvis .   (no weapon)
rCold    + . .     Gourm    .   a - +0 buckler
rNeg     . . .     Faith    .   e - +2 robe {rC+ rF+}
rPois    .         Spirit   .   (no helmet)
rElec    .         Reflect  .   g - +0 cloak
rCorr    .         Harm     .   k - +1 pair of gloves {Dex+3}
MR       .....     NoTele   +   (no boots)
Stlth    ++........             (no amulet)
HPRegen  0.18/turn              (no ring)
MPRegen  0.22/turn              (no ring)

@: corroded
A: no striking features
a: Renounce Religion


You were in the Dungeon.
You worshipped Vehumet.
Vehumet was aware of your devotion.
You were not hungry.

You visited 1 branch You collected 669 gold pieces.
You spent 335 gold pieces at shops.

Inventory:

Armour
 a - a +0 buckler (worn)
 e - a +2 robe of resistance (worn)
 g - a +0 cloak (worn)
 k - a +1 pair of gloves of dexterity (worn)
Scrolls
 i - a scroll of blinking
Potions
 f - 2 potions of haste
 h - a potion of berserk rage
Books
 b - a book of Flames

   Spells                             Type                      Level
   a - Flame Tongue                   Conjuration/Fire             1
   b - Throw Flame                    Conjuration/Fire             2
   c - Conjure Flame                  Conjuration/Fire             3
   d - Inner Flame                    Hexes/Fire                   3
   e - Sticky Flame                   Conjuration/Fire             4
   f - Fireball                       Conjuration/Fire             5
Comestibles
 c - a bread ration
 j - a meat ration
 m - a royal jelly


   Skills:
 + Level 5.1 Fighting
 + Level 5.1 Armour
 + Level 7.9 Dodging
 - Level 2.4 Stealth
 + Level 3.1 Shields
 * Level 16.6 Spellcasting
 + Level 10.5 Conjurations
 + Level 10.9 Fire Magic


You had 23 spell levels left.
You knew the following spells:

 Your Spells              Type           Power        Failure   Level  Hunger
a - Flame Tongue          Conj/Fire      #####        1%          1    None
b - Throw Flame           Conj/Fire      ######       1%          2    None
c - Conjure Flame         Conj/Fire      ######..     1%          3    None
d - Inner Flame           Hex/Fire       #####...     1%          3    None
e - Sticky Flame          Conj/Fire      ######..     1%          4    None
f - Fireball              Conj/Fire      ######....   1%          5    None


Dungeon Overview and Level Annotations

Branches:
Dungeon (1/1)

Altars:
Cheibriados
Dithmenos
Elyvilon
Fedhas
Gozag
Hepliaklqana
Kikubaaqudgha
Nemelex Xobeh
Okawaru
Qazlal
Ru
Sif Muna
Trog
Uskayaw
Vehumet
Wu Jian
Yredelemnul
Zin
The Shining One

Shops:
D [%[

Annotations:
D exclusion: oklob plant


Message History

Aiming: Flame Tongue
Press: ? - help, Shift-Dir - straight line, f/p - oklob plant
Aim: an oklob plant (heavily damaged, covered in liquid flames)
The flame tongue hits the oklob plant.
The oklob plant is severely damaged.
The oklob plant burns!
The oklob plant spits acid at you. The splash of acid hits you!
You are splashed with acid!
The acid burns!
* * * LOW HITPOINT WARNING * * *
Casting: Flame Tongue
Confirm with . or Enter, or press ? or * to list all spells.
Aiming: Flame Tongue
Press: ? - help, Shift-Dir - straight line, f/p - oklob plant
Aim: an oklob plant (severely damaged, covered in liquid flames)
The flame tongue hits the oklob plant.
The oklob plant appears unharmed.
The oklob plant is severely damaged.
The oklob plant burns!
The oklob plant spits acid at you. The splash of acid hits you!
You die...

#########
..#.)'..#
..'..#..+
#'#####'# ####
..#...#.####§.####
###..##(#§§§..#..#
__##+#_.+§§§).§§§#
...'..._#§)§§§#§§#
__##_.#+##'#####@#
__###'#.#(..[###P+
#####)####'###[###
...+...'.....'.∩#
####...##########
##.## #+#


You could see an oklob plant (burning).

Vanquished Creatures
  2 centaur warriors (D)
  Sonja (D)
  A deep troll (D)
  A hornet (D)
  Sigmund (D)
  A yak (D)
  An ogre (D)
  A jelly (D)
  Ijyb (D)
10 creatures vanquished.

Notes
Turn   | Place    | Note
-------+----------+-------------------------------------------
     0 | D        | Kidiri the Deep Elf Fire Elementalist began the quest for the Orb.
     0 | D        | Reached XP level 1. HP: 10/10 MP: 6/6
     2 | D        | Noticed Ijyb
    21 | D        | Killed Ijyb
    21 | D        | Reached skill level 6 in Spellcasting
    21 | D        | Reached XP level 2. HP: 8/15 MP: 4/11
   156 | D        | Learned a level 2 spell: Throw Flame
   160 | D        | Noticed an ogre
   165 | D        | Killed an ogre
   165 | D        | Reached skill level 9 in Spellcasting
   165 | D        | Reached skill level 5 in Conjurations
   165 | D        | Reached XP level 3. HP: 19/19 MP: 7/15
   165 | D        | Reached XP level 4. HP: 24/24 MP: 7/17
   170 | D        | Learned a level 3 spell: Conjure Flame
   174 | D        | Learned a level 3 spell: Inner Flame
   179 | D        | Learned a level 4 spell: Sticky Flame
   230 | D        | Noticed Sigmund
   241 | D        | Killed Sigmund
   241 | D        | Reached skill level 11 in Spellcasting
   241 | D        | Reached XP level 5. HP: 22/28 MP: 0/21
   241 | D        | Reached XP level 6. HP: 25/32 MP: 0/22
   248 | D        | Learned a level 5 spell: Fireball
   373 | D        | Found an ornate altar of the Wu Jian Council.
   373 | D        | Found a deep blue altar of Sif Muna.
   375 | D        | Found a radiant altar of Vehumet.
   410 | D        | Found Nyosaij's Food Emporium.
   410 | D        | Found an ancient bone altar of Kikubaaqudgha.
   410 | D        | Found a hazy altar of Hepliaklqana.
   410 | D        | Found a stormy altar of Qazlal.
   410 | D        | Found a hide-covered altar of Uskayaw.
   410 | D        | Found a blossoming altar of Fedhas.
   410 | D        | Found a bloodstained altar of Trog.
   410 | D        | Found an iron altar of Okawaru.
   410 | D        | Found a basalt altar of Yredelemnul.
   410 | D        | Found a glowing golden altar of the Shining One.
   410 | D        | Found a snail-covered altar of Cheibriados.
   410 | D        | Found a sacrificial altar of Ru.
   410 | D        | Found a glowing silver altar of Zin.
   410 | D        | Found a shadowy altar of Dithmenos.
   410 | D        | Found a white marble altar of Elyvilon.
   410 | D        | Noticed a yak
   417 | D        | Killed a yak
   417 | D        | Reached skill level 13 in Spellcasting
   421 | D        | Found an opulent altar of Gozag.
   422 | D        | Found a sparkling altar of Nemelex Xobeh.
   434 | D        | Became a worshipper of Vehumet
   471 | D        | Noticed Sonja
   479 | D        | Killed Sonja
   479 | D        | Reached skill level 5 in Dodging
   479 | D        | Reached skill level 14 in Spellcasting
   479 | D        | Reached XP level 7. HP: 20/40 MP: 17/27
   495 | D        | Found Ladiliph's Armour Boutique.
   503 | D        | Bought a +0 cloak for 63 gold pieces
   702 | D        | Noticed a deep troll
   713 | D        | Killed a deep troll
   713 | D        | Reached skill level 15 in Spellcasting
   713 | D        | Reached skill level 10 in Fire Magic
   713 | D        | Reached XP level 8. HP: 41/48 MP: 16/29
   726 | D        | Found Tesenis's Armour Emporium.
   731 | D        | Bought a +0 buckler for 58 gold pieces
   731 | D        | Bought a +1 pair of gloves of dexterity for 214 gold pieces
   792 | D        | Noticed a centaur warrior
   796 | D        | Noticed a centaur warrior
   796 | D        | Killed a centaur warrior
   796 | D        | Reached * piety under Vehumet
   796 | D        | Offered knowledge of Sandblast by Vehumet.
   796 | D        | Reached skill level 1 in Shields
   796 | D        | Reached skill level 10 in Conjurations
   796 | D        | Reached XP level 9. HP: 52/52 MP: 23/30
   799 | D        | Killed a centaur warrior
   799 | D        | Reached skill level 5 in Fighting
   799 | D        | Reached skill level 5 in Armour
   799 | D        | Reached skill level 16 in Spellcasting
  1047 | D        | Noticed an oklob plant
  1057 | D        | Killed from afar by an oklob plant

Vault maps used:
D:        dungeon_sprint_1

Skill      XL: |  1  2  3  4  5  6  7  8  9 |
---------------+----------------------------+-----
Spellcasting   | 6 9 11 14 15 16 | 16.6
Conjurations   | 3 5 6 9 10 | 10.5
Fire Magic     | 4 6 7 9 10 | 10.9
Fighting       | 2 3 4 5 |  5.1
Armour         | 2 3 4 5 |  5.1
Dodging        | 5 6 7 |  7.9
Shields        | 1 3 |  3.1
Stealth        | |  2.4

Action                   |  1- 3 |  4- 6 |  7- 9 || total
-------------------------+-------+-------+-------++-------
 Cast: Flame Tongue      |    17 |    17 |    18 ||    52
       Sticky Flame      |       |     5 |     4 ||     9
       Conjure Flame     |       |     1 |     1 ||     2
       Fireball          |       |       |     2 ||     2
  Use: Potion            |     2 |     1 |     1 ||     4
Armor: Robe              |       |     1 |     2 ||     3
Dodge: Dodged            |    10 |    12 |     4 ||    26
Block: Buckler           |       |       |     1 ||     1

Table legend:
 A = Spawn XP
 B = Non-spawn XP
 C = Spawn XP percentage of total XP
 D = Spawn monster count
 E = Non-spawn monster count
 F = Spawn count percentage of total count
 G = Total turns spent on level
                    A         B        C        D         E        F      G
               +---------+---------+-------+---------+---------+-------+---------
         Total |       0 |    4317 |   0.0 |       0 |      10 |   0.0 |  1057
               +---------+---------+-------+---------+---------+-------+---------
             D |       0 |    4317 |   0.0 |       0 |      10 |   0.0 |  1057
               +---------+---------+-------+---------+---------+-------+---------
